 Dungeon Crawl Stone Soup version 0.30-a0-613-gdd512c7efb (webtiles) character file.

Game seed: 3342440974420919443

138 timneilson the Shield-Bearer (level 5, 0/33 HPs)
             Began as a Gargoyle Fighter on Jan 9, 2023.
             Slain by Pikel
             ... wielding a +2 whip of flaming
              (1 damage)
             ... on level 4 of the Dungeon.
             The game lasted 00:05:45 (3046 turns).

timneilson the Shield-Bearer (Gargoyle Fighter)     Turns: 3046, Time: 00:05:46

Health: 0/33       AC: 20    Str: 22    XL:     5   Next: 21%
Magic:  5/5        EV:  9    Int:  8    God:
Gold:   216        SH:  4    Dex:  9    Spells: 4/4 levels left

rFire   . . .      SeeInvis .    a - +1 long sword
rCold   . . .      Faith    .    c - +0 buckler
rNeg    + . .      Spirit   .    b - +0 scale mail
rPois   ∞          Reflect  .    q - +1 helmet
rElec   +          Harm     .    (no cloak)
rCorr   .          Rampage  .    t - +0 pair of gloves
Will    .....                    s - +1 pair of boots Stlth
                                 (no amulet)
HPRegen 0.25/turn                e - +4 ring of protection
MPRegen 0.09/turn                (no ring)

@: mighty
A: sickness immunity, AC +4, negative energy resistance 1, electricity
resistance, torment resistance 1, petrification resistance
a: no special abilities


You were on level 4 of the Dungeon.
You visited 1 branch of the dungeon, and saw 4 of its levels.

You collected 216 gold pieces.

Inventory:

Hand Weapons
 a - a +1 long sword (weapon)
Armour
 b - a +0 scale mail (worn)
 c - a +0 buckler (worn)
 q - a +1 helmet (worn)
 s - a +1 pair of boots (worn)
 t - a +0 pair of gloves (worn)
Jewellery
 e - a +4 ring of protection (left hand)
Wands
 h - a wand of polymorph (13)
Scrolls
 j - a scroll of identify
 m - a scroll of poison
 n - a scroll of enchant weapon
Potions
 f - a potion of magic
 g - 3 potions of lignification
 i - a potion of mutation
 k - a potion of invisibility


   Skills:
 + Level 3.6 Fighting
 * Level 2.8 Long Blades
 * Level 4.1 Armour
 + Level 1.0 Dodging
 * Level 4.2 Shields
 + Level 0.5 Evocations


You had 4 spell levels left.
You didn't know any spells.
Your spell library contained the following spells:

 Spells                   Type           Power      Damage    Failure   Level
 Foxfire                  Conj/Fire      0%         2x1d4     82%         1
 Wereblood                Tmut           0%         N/A       91%         2
 Manifold Assault         Tloc           0%         N/A       100%        4
 Freezing Cloud           Conj/Ice/Air   0%         6-21      100%        5
 Lightning Bolt           Conj/Air       0%         1d11      100%        5
 Dispersal                Tloc           0%         N/A       100%        6
 Summon Hydra             Summ           0%         N/A       100%        7
 Disjunction              Tloc           0%         N/A       100%        8
 Sublimation of Blood     Necr           Unusable   N/A       N/A         2

Dungeon Overview and Level Annotations

Branches:
Dungeon (4/15)
 Temple: D:4-7

Altars:
Fedhas

Annotations:
D:4 Pikel


Innate Abilities, Weirdness & Mutations

You are immune to sickness and miasma.
Your stone body is resilient. (AC +4)
You are immune to poison.
You resist negative energy. (rN+)
You are resistant to electric shocks. (rElec)
You are resistant to unholy torment.
You are immune to petrification.


Message History

The lemure is moderately wounded.
The lemure hits you!
You closely miss the lemure.
The lemure is moderately wounded.
The lemure hits you but does no damage.
A hobgoblin comes into view.
The hobgoblin shouts!
You hit Pikel but do no damage. Pikel hits you but does no damage.
You hit Pikel.
Pikel is lightly wounded.
You block Pikel's attack.
You barely miss Pikel. Pikel hits you but does no damage.
Pikel hits you with a +2 whip of flaming!
Pikel burns you.
You closely miss Pikel. Pikel barely misses you.
You feel very mighty all of a sudden.
Pikel hits you with a +2 whip of flaming.
* * * LOW HITPOINT WARNING * * *
Pikel burns you.
* * * LOW HITPOINT WARNING * * *
You feel better. Pikel hits you but does no damage.
You barely miss Pikel. Pikel hits you but does no damage.
You miss Pikel. Pikel barely misses you. Pikel hits you but does no damage.
You barely miss Pikel. Pikel hits you but does no damage.
You slash Pikel!
Pikel is moderately wounded.
An ufetubus comes into view.
The howler monkey hoots and howls with incredible vigour!
Pikel hits you with a +2 whip of flaming!
* * * LOW HITPOINT WARNING * * *
Pikel burns you.
* * * LOW HITPOINT WARNING * * *
An ufetubus comes into view.
The ufetubus shouts! x2; You hear a bark!
You hear an angry hiss.
You barely miss Pikel.
Pikel is moderately wounded.
Pikel hits you with a +2 whip of flaming.
* * * LOW HITPOINT WARNING * * *
Pikel burns you.
You die...

... ... ####.#
# ..##.# #.
#.##.# #..
#.##.#
###..5###.##.#
..>5h55K@...<#
.##.g5###.#..#
..... #.#..#
.##. #.#..# .h
#.#..# ..
#.#†.# .
#.#..# #.#.##
#.#.#


You could see Pikel, 4 lemures, a howler monkey (catching breath), an ufetubus
and a hobgoblin.

Vanquished Creatures
  Robin (D:3)
  3 adders
  6 worms
  A dart slug (D:3)
  6 ball pythons
  6 endoplasms
  2 giant cockroaches
  12 goblins
  7 hobgoblins
  8 jackals (D:1)
  9 kobolds
  A quokka (D:3)
  5 bats
  2 frilled lizards
  5 rats
74 creatures vanquished.

Vanquished Creatures (others)
  A plant (D:3)
1 creature vanquished.

Grand Total: 75 creatures vanquished

Notes
Turn   | Place    | Note
-------+----------+-------------------------------------------
     0 | D:1      | timneilson the Gargoyle Fighter began the quest for the
                  | Orb.
     0 | D:1      | Reached XP level 1. HP: 14/14 MP: 1/1
   138 | D:1      | Reached XP level 2. HP: 10/19 MP: 2/2
   391 | D:1      | Reached XP level 3. HP: 23/23 MP: 3/3
  1109 | D:2      | Got the Almanac of Oxidation and Vapour
  1331 | D:2      | Reached XP level 4. HP: 28/28 MP: 4/4
  2285 | D:3      | Noticed Robin
  2295 | D:3      | Reached skill level 1 in Dodging
  2295 | D:3      | Reached XP level 5. HP: 23/33 MP: 5/5
  2307 | D:3      | Killed Robin
  2362 | D:3      | Found a blossoming altar of Fedhas.
  2592 | D:3      | Found a faded altar of an unknown god.
  3028 | D:4      | Noticed Pikel
  3028 | D:4      | Noticed a lemure
  3028 | D:4      | Noticed a lemure
  3029 | D:4      | Noticed a lemure
  3033 | D:4      | Noticed a lemure
  3046 | D:4      | HP: 1/33 [Pikel/+2 whip of flaming (3)]
  3046 | D:4      | Slain by Pikel

Illustrated notes

Levels and vault maps discovered:
D:1:      dpeg_chamrin_arrival_tetris, layout_loops_ring
D:2:      layout_loops_ring, minmay_increasing_density
D:3:      layout_basic, mainiacjoe_overflow_cross_hatched,
          shapermc_ecumenical_altar_acropolis, uniq_robin
D:4:      layout_basic, lemuel_round_altar, uniq_pikel

Skill      XL: |  1  2  3  4 |
---------------+-------------+-----
Long Blades    | 2 |  2.8
Shields        | 4 |  4.2
Armour         | 4 |  4.1
Dodging        | 1 |  1.0
Fighting       | |  3.6
Evocations     | |  0.5

Action                   |  1- 3 |  4- 6 || total
-------------------------+-------+-------++-------
Melee: Long sword        |   135 |   153 ||   288
  Use: Scroll            |     2 |    12 ||    14
       Potion            |       |     2 ||     2
Armor: Scale mail        |    96 |    82 ||   178
Dodge: Dodged            |    74 |    75 ||   149
Block: Buckler           |    41 |    32 ||    73

Table legend: (Time is in decaauts)
 A = Elapsed time spent in this place.
 B = Non-inter-level travel time spent in this place.
 C = Inter-level travel time spent in this place.
 D = Time resting spent in this place.
 E = Time spent auto-exploring this place.
 F = Levels seen in this place.
 G = Mean time per level.
                   A        B        C        D        E       F      G
               +--------+--------+--------+--------+--------+-----+--------+
         Total |   3136 |   2989 |    147 |      0 |   2313 |   4 |  784.0 |
       Dungeon |   3136 |   2989 |    147 |      0 |   2313 |   4 |  784.0 |
               +--------+--------+--------+--------+--------+-----+--------+

Top non-repeatable levels by time:
     D:3: 1253 daAuts
     D:2: 972 daAuts
     D:1: 860 daAuts
     D:4: 50 daAuts
